Map: Dynasty LE

Players

iceau - Winner!

  • Race: Protoss Protoss
  • League: Master
  • Spawn Location: 7:00

Huntedswarm

  • Race: Zerg Zerg
  • League: Diamond
  • Spawn Location: 1:00

VOD

Have the link to the VOD?

Description

Time

  • Played on: Nov. 9, 2024, 8:20 p.m.
  • Length: 9:22
Show
View Real Time Build Order
Export as new Build Order

iceau Protoss - Winner!

Build Orders:  

Get SALT Encoding   

  12  0:01  Probe  
  13  0:13  Probe  
  14  0:21  Pylon  
  14  0:25  Probe  
  15  0:39  Probe  
  16  0:44  Forge  
  16  0:56  Gateway  
  16  1:02  Pylon  
  16  1:05  Probe  
  17  1:15  Assimilator  
  17  1:18  Probe  
  18  1:26  Pylon  
  18  1:30  Probe (Chrono Boost)  
  20  1:40  Probe (Chrono Boost)  
  20  1:54  Photon Cannon  
  20  1:55  Photon Cannon  
  20  2:05  Photon Cannon  
  20  2:08  Probe  
  21  2:20  Cybernetics Core  
  21  2:24  Zealot (Chrono Boost)  
  23  2:37  Photon Cannon  
  23  2:45  Pylon  
  23  2:47  Probe  
  24  3:00  Stargate  
  24  3:02  Probe  
  25  3:09  Stalker (Chrono Boost)  
  27  3:17  Assimilator  
  27  3:24  Warp Gate  
  27  3:39  Pylon  
  27  3:41  Shield Battery  
  29  3:51  Probe  
  28  4:00  Shield Battery, Oracle (Chrono Boost)  
  28  4:02  Shield Battery  
  28  4:03  Probe  
  32  4:12  Stalker (Chrono Boost)  
  32  4:15  Probe  
  35  4:22  Pylon  
  35  4:27  Probe  
  40  4:40  Void Ray  
  40  4:50  Stalker  
  38  5:07  Nexus  
  38  5:16  Photon Cannon  
  38  5:46  Adept  
  38  5:49  Oracle (Chrono Boost)  
  43  6:03  Nexus  
  43  6:05  Pylon  
  43  6:15  Stalker  
  45  6:27  Gateway x2  
  45  6:30  Gateway  
  45  6:32  Shield Battery  
  45  6:37  Probe  
  46  6:50  Probe  
  46  6:52  Adept  
  45  7:02  Probe  
  46  7:14  Probe  
  47  7:19  Pylon  
  47  7:26  Probe (Chrono Boost)  
  47  7:29  Probe (Chrono Boost)  
  49  7:37  Stalker x2  
  52  7:38  Probe (Chrono Boost)  
  52  7:40  Probe (Chrono Boost)  
  52  7:41  Gateway  
  52  7:43  Probe (Chrono Boost)  
  55  7:44  Probe (Chrono Boost)  
  57  7:52  Probe  
  57  7:55  Nexus, Probe  
  59  8:04  Probe  
  60  8:07  Probe  
  61  8:13  Shield Battery  
  61  8:18  Shield Battery  
  61  8:23  Probe  
  62  8:33  Adept x4  
  70  8:36  Adept  
  68  8:44  Shield Battery  
  68  8:54  Adept x4  
  76  9:02  Adept  
  76  9:06  Shield Battery  
  76  9:07  Pylon  
  76  9:16  Adept  
Show
View Real Time Build Order
Export as new Build Order

Huntedswarm Zerg 

Build Orders: 3 Hatch before Pool 

Get SALT Encoding   

  12  0:00  Drone  
  13  0:14  Drone  
  14  0:19  Overlord  
  14  0:35  Unknown, Drone  
  14  0:37  Drone x2  
  16  1:05  Hatchery  
  16  1:08  Drone  
  16  1:11  Drone  
  17  1:12  Extractor  
  16  1:36  Hatchery  
  15  1:49  Spawning Pool  
  15  1:52  Drone  
  15  1:57  Drone  
  17  2:01  Drone  
  17  2:07  Drone  
  18  2:28  Overlord  
  18  2:29  Drone  
  19  2:41  Queen  
  23  2:44  Zergling x8  
  25  2:53  Drone  
  26  2:59  Drone x2  
  26  3:00  Metabolic Boost  
  28  3:11  Drone x2  
  30  3:17  Queen  
  32  3:24  Extractor  
  32  3:27  Lair  
  31  3:32  Drone x2  
  33  3:38  Spine Crawler  
  33  3:57  Spine Crawler  
  33  3:59  Queen  
  33  4:02  Drone x2  
  34  4:06  Spine Crawler  
  31  4:10  Drone  
  31  4:11  Drone  
  31  4:12  Drone x3  
  36  4:23  Spore Crawler  
  35  4:28  Spore Crawler  
  32  4:33  Drone x2  
  32  4:35  Drone  
  33  5:00  Hatchery, Baneling Nest  
  33  5:01  Zergling x2  
  33  5:02  Zergling x8  
  36  5:12  Extractor  
  35  5:15  Drone  
  35  5:17  Overlord x2  
  36  5:24  Overlord  
  36  5:32  Evolution Chamber  
  36  5:33  Queen, Evolution Chamber  
  35  5:44  Drone  
  35  5:45  Hydralisk Den, Drone x2  
  37  6:00  Zergling x4  
  39  6:04  Baneling x6  
  39  6:21  Zergling x2  
  39  6:22  Zergling x4  
  40  6:28  Muscular Augments  
  40  6:30  Zerg Melee Weapons Level 1  
  40  6:34  Zergling x6  
  43  6:45  Zergling x8  
  42  6:59  Drone x5  
  42  7:03  Spore Crawler  
  39  7:09  Queen  
  39  7:20  Hydralisk x2  
  39  7:22  Hydralisk  
  45  7:40  Drone x2  
  47  7:48  Hydralisk x2  
  47  7:49  Hydralisk  
  53  7:51  Hydralisk  
  53  7:57  Hydralisk  
  57  8:00  Grooved Spines  
  57  8:09  Overlord x2  
  57  8:26  Overlord  
  57  8:28  Hydralisk x3  
  57  8:29  Zergling x2  
  57  8:32  Baneling x3  
  64  8:41  Zergling x2  
  64  8:42  Zergling x6  
Tags
 
Add a new tag
Caveats
  • Supply blocks, unpowered buildings, or Contaminate may cause inaccurate times.
  • Supply counts are checked every 10 seconds.